 Dungeon Crawl Stone Soup version 0.21.0-26-g889b8f6 (webtiles) character file.

357 nikopol the Shield-Bearer (level 6, -2/38 HPs)
             Began as a Gargoyle Fighter on Jan 27, 2018.
             Was an Initiate of Okawaru.
             Slain by Menkaure (10 damage)
             ... while paralysed by Grinder
             ... on level 4 of the Dungeon.
             The game lasted 00:05:13 (3316 turns).

nikopol the Shield-Bearer (Gargoyle Fighter)        Turns: 3316, Time: 00:05:14

Health: -2/38      AC: 12    Str: 21    XL:     6   Next: 64%
Magic:  6/6        EV:  2    Int:  9    God:    Okawaru [......]
Gold:   126        SH:  0    Dex:  9    Spells: 5/5 levels left

rFire    . . .     SeeInvis .   a - +0 flail
rCold    . . .     Gourm    .   c - +0 shield
rNeg     + . .     Faith    .   b - +0 scale mail
rPois    ∞         Spirit   .   (no helmet)
rElec    +         Reflect  .   s - +0 cloak
rCorr    .         Harm     .   (no gloves)
MR       .....                  (no boots)
Stlth    ..........             (no amulet)
HPRegen  0.12/turn              (no ring)
MPRegen  0.10/turn              (no ring)

@: paralysed
A: negative energy resistance 1, electricity resistance, unbreathing,
petrification resistance, rot immunity, AC +4
a: Renounce Religion


You were on level 4 of the Dungeon.
You worshipped Okawaru.
Okawaru was noncommittal.
You were hungry.

You visited 1 branch of the dungeon, and saw 4 of its levels.

You collected 126 gold pieces.

Inventory:

Hand Weapons
 a - a +0 flail (weapon)
Missiles
 l - 7 tomahawks (quivered)
Armour
 b - a +0 scale mail (worn)
 c - a +0 shield (worn)
 s - a +0 cloak (worn)
Scrolls
 g - a scroll of teleportation {unknown}
 i - 2 scrolls of remove curse {unknown}
 j - 3 scrolls of identify {unknown}
 k - 2 scrolls of magic mapping {unknown}
 p - a scroll of enchant armour {unknown}
 r - a scroll of amnesia {unknown}
Potions
 d - 2 potions of might
 e - 3 potions of degeneration {unknown}
 h - a potion of curing {unknown}
 m - 2 potions of lignification {unknown}
 o - a potion of cancellation {unknown}
 q - 2 potions of brilliance {unknown}
Comestibles
 f - 6 rations


   Skills:
 + Level 4.1 Fighting
 + Level 4.5 Maces & Flails
 + Level 3.9 Armour
 + Level 1.3 Dodging
 + Level 0.1 Stealth
 + Level 5.1 Shields


You had 5 spell levels left.
You didn't know any spells.

Dungeon Overview and Level Annotations

Branches:
Dungeon (4/15)
 Temple: D:4-7

Altars:
Nemelex Xobeh
Okawaru
The Shining One

Annotations:
D:4 Grinder, Menkaure


Innate Abilities, Weirdness & Mutations

You are resistant to torment.
Your stone body is resilient. (AC +4)
You are immune to poison.
You resist negative energy. (rN+)
You are resistant to electric shocks. (rElec)
You can survive without breathing.
You are immune to petrification.
You are immune to rotting.


Message History

The worker ant bites you.
* * * LOW HITPOINT WARNING * * *
The orc hits you but does no damage.
Menkaure calls on the powers of darkness!
Your body is wracked with pain!
* * * LOW HITPOINT WARNING * * *
The orc convulses!
The worker ant convulses!
The worker ant bites you but does no damage.
Grinder gestures at you.
You barely resist. The orc barely misses you.
Menkaure hits you but does no damage.
A worker ant comes into view.
The worker ant twitches its antennae in your direction.
The worker ant bites you but does no damage.
Grinder hits you.
* * * LOW HITPOINT WARNING * * *
You writhe in agony.
* * * LOW HITPOINT WARNING * * *
Menkaure hits you!
You die...

#####################
....................#
..%.................#
....................#
....................#
..(.................# #
......a.............#.#
......o@............#.##
......5M..$.............
....................#.##
........................
....................#..#
....................##.#
....a...............# ..
....................# #.
..........# #.


You could see Grinder, Menkaure, 2 worker ants and an orc.

Vanquished Creatures
  A howler monkey (D:2)
  2 orc priests (D:3)
  Crazy Yiuf (D:2)
  Terence (D:2)
  6 gnolls (D:2)
  6 adders
  An ooze (D:2)
  3 worms (D:2)
  A dart slug (D:1)
  2 orcs (D:3)
  5 bats
  5 giant cockroaches
  6 goblins
  15 hobgoblins
  2 quokkas
  5 frilled lizards
  13 kobolds
  7 rats
82 creatures vanquished.

Notes
Turn   | Place    | Note
-------+----------+-------------------------------------------
     0 | D:1      | nikopol the Gargoyle Fighter began the quest for the Orb.
     0 | D:1      | Reached XP level 1. HP: 14/14 MP: 1/1
    69 | D:1      | Reached XP level 2. HP: 16/19 MP: 2/2
   629 | D:1      | Reached XP level 3. HP: 24/24 MP: 3/3
  1087 | D:2      | Reached skill level 4 in Shields
  1097 | D:2      | Reached XP level 4. HP: 28/29 MP: 4/4
  1277 | D:2      | Noticed Terence
  1287 | D:2      | Killed Terence
  1287 | D:2      | Reached XP level 5. HP: 30/33 MP: 5/5
  1519 | D:2      | Found an iron altar of Okawaru.
  1543 | D:2      | Became a worshipper of Warmaster Okawaru
  1631 | D:2      | Found a runed door.
  1635 | D:2      | Noticed Crazy Yiuf
  1642 | D:2      | Killed Crazy Yiuf
  1642 | D:2      | Reached skill level 1 in Dodging
  1683 | D:2      | Reached XP level 6. HP: 25/38 MP: 6/6
  2354 | D:3      | Reached skill level 5 in Shields
  2758 | D:3      | Found a glowing golden altar of the Shining One.
  3189 | D:3      | Found a sparkling altar of Nemelex Xobeh.
  3303 | D:4      | Noticed Grinder
  3305 | D:4      | Noticed Menkaure
  3312 | D:4      | Paralysed by Grinder for 5 turns
  3316 | D:4      | Slain by Menkaure

Skill      XL: |  1  2  3  4  5  6 |
---------------+-------------------+-----
Shields        | 4 5 |  5.1
Maces & Flails | 3 4 |  4.5
Dodging        | 1 |  1.3
Fighting       | 4 |  4.1
Armour         | |  3.9
Stealth        | |  0.1

Action                   |  1- 3 |  4- 6 || total
-------------------------+-------+-------++-------
Melee: Flail             |   140 |   258 ||   398
Throw: Tomahawk          |     4 |     5 ||     9
  Eat: Chunk             |     1 |     7 ||     8
Armor: Scale mail        |    90 |   171 ||   261
Dodge: Dodged            |    56 |    95 ||   151
Block: Shield            |    88 |   162 ||   250
